 Dungeon Crawl Stone Soup version 0.13.1-28-g3517093 (webtiles) character file.

116 Iskender the Sneak (level 3, -5/24 HPs)
             Began as a Vampire Enchanter on Mar 15, 2014.
             Slain by Terence
             ... wielding a +5,+6 hand axe of freezing
              (10 damage)
             ... on Level 3 of the Dungeon.
             The game lasted 00:21:01 (1757 turns).

Iskender the Sneak (Vampire Enchanter)              Turns: 1757, Time: 00:21:01

HP  -5/24        AC  3     Str  7      XL: 3   Next:  5%
MP   5/6         EV 12     Int 18      God:
Gold 86          SH  0     Dex 14      Spells:  2 memorised,  1 level left

Res.Fire  : . . .   See Invis. : +   a - +1 dagger {=f}
Res.Cold  : + . .   Warding    : .   b - +1 robe
Life Prot.: + + .   Conserve   : .   (no shield)
Res.Poison: +       Res.Corr.  : .   (no helmet)
Res.Elec. : .       Clarity    : .   (no cloak)
Sust.Abil.: . .     Spirit.Shd : .   (no gloves)
Res.Mut.  : .       Stasis     : .   (no boots)
Res.Rott. : +       Flight     : .   (no amulet)
Saprovore : . . .                    (no ring)
                                     h - ring of flight

@: regenerating slowly, slightly resistant to hostile enchantments, quite
stealthy
A: fangs 3, see invisible, unbreathing
a: Bat Form, Evoke Flight


You were on level 3 of the Dungeon.
You were thirsty.

You visited 1 branch of the dungeon, and saw 3 of its levels.

You collected 66 gold pieces.

Inventory:

Hand weapons
 a - a +1,+1 dagger (weapon) {=f}
 k - a +0,+0 club (quivered)
 l - a +0,+0 sling
Missiles
 d - 33 darts
 j - 14 arrows
 m - 8 stones
Armour
 b - a +1 robe (worn)
Scrolls
 e - a scroll of remove curse {unknown}
 g - 2 scrolls of curse jewellery {unknown}
 i - a scroll of teleportation {unknown}
 n - a scroll of curse armour {unknown}
Jewellery
 h - a ring of flight (left hand)
Potions
 f - a potion of magic {unknown}
Books
 c - a book of Maledictions

   Spells                             Type                      Level
   *Corona                            Hexes                        1
   Sure Blade                         Hexes/Charms                 2
   *Ensorcelled Hibernation           Hexes/Ice                    2
   Confuse                            Hexes                        3
   Enslavement                        Hexes                        4
   Invisibility                       Hexes                        6


   Skills:
 + Level 1.1 Short Blades
 - Level 0.7 Throwing
 - Level 2.1 Dodging
 - Level 5.5 Stealth
 - Level 1.0 Spellcasting
 - Level 4.4 Hexes


You had one spell level left.
You knew the following spells:

 Your Spells              Type           Power        Failure   Level  Hunger
y - Corona                Hex            ###....      3%          1    ##.....
z - Ensorcelled Hibernat  Hex/Ice        #.....       14%         2    ###....


Dungeon Overview and Level Annotations

Branches:
Dungeon (3/27)

Altars:
Xom

Annotations:
D:2 exclusion: adder
D:3 Terence


Innate Abilities, Weirdness & Mutations

You heal slowly.
You have razor-sharp teeth.*
You have supernaturally acute eyesight.
You can survive without breathing.*


Message History

You hit Terence but do no damage.
Terence is almost dead.
Terence barely misses you.
You hit Terence but do no damage.
Terence is almost dead.
Terence barely misses you.
You hit Terence but do no damage.
Terence is almost dead.
Terence hits you with a hand axe of freezing!
* * * LOW HITPOINT WARNING * * *
You hit Terence but do no damage. Your bite misses Terence.
Terence is almost dead.
Terence hits you with a hand axe of freezing.
* * * LOW HITPOINT WARNING * * *
You hit Terence.
Terence is almost dead.
You barely miss Terence.
Terence is almost dead.
Terence hits you with a hand axe of freezing!
You die...

#.#..#
#......
#.#.##
#......
#.#.#
#####.....)
#.#.#
#...'......
#.#.#
#.###......
#.#.####.#
#######
#.#....#.#
#@####.#.#
#@#<...#.#
#.######.#
##........#
#..########
#^## ♣♣.
♣.. .≈.
.♣^_


You could see Terence.

Vanquished Creatures
  2 ball pythons
  5 bats
  A giant cockroach (D:2)
  4 hobgoblins
  3 jackals
  2 kobolds (D:1)
  A quokka (D:2)
  2 giant geckos
  3 goblins
  4 rats
27 creatures vanquished.

Notes
Turn   | Place    | Note
--------------------------------------------------------------
     0 | D:1      | Iskender, the Vampire Enchanter, began the quest for the Orb.
     0 | D:1      | Reached XP level 1. HP: 13/13 MP: 4/4
   317 | D:1      | Reached XP level 2. HP: 17/19 MP: 5/5
   436 | D:1      | Learned a level 2 spell: Ensorcelled Hibernation
   765 | D:2      | Reached skill level 5 in Stealth
  1213 | D:3      | Reached XP level 3. HP: 11/24 MP: 6/6
  1740 | D:3      | Noticed Terence
  1741 | D:3      | Found a shimmering altar of Xom.
  1757 | D:3      | Slain by Terence

Action                   || total
-------------------------++-------
Melee: Dagger            ||   133
Throw: Dart              ||    12
       Club              ||     1
 Cast: Ensorcelled Hiber ||     3
 Abil: End Transformatio ||     2
       Bat Form          ||     2
  Use: Potion            ||     1
 Stab: Sleeping          ||     8
